 Dungeon Crawl Stone Soup version 0.18-a0-1639-g7533f42 (webtiles) character file.

93 dohliylev the Shield-Bearer (level 4, -3/29 HPs)
             Began as a Gargoyle Fighter on Mar 27, 2016.
             Slain by an orc
             ... wielding a +0 trident
              (6 damage)
             ... on level 3 of the Dungeon.
             The game lasted 00:07:01 (2036 turns).

dohliylev the Shield-Bearer (Gargoyle Fighter)      Turns: 2036, Time: 00:07:03

Health: -3/29      AC: 10    Str: 20    XL:     4   Next: 62%
Magic:  4/4        EV:  7    Int:  9    God:
Gold:   196        SH:  9    Dex:  9    Spells: 0 memorised, 3 levels left

rFire  . . .     SeeInvis .     a - +0 war axe
rCold  . . .     Gourm    .     b - +0 scale mail
rNeg   + . .     Faith    .     c - +0 shield
rPois  ∞         Spirit   .     (no helmet)
rElec  +         Dismiss  .     (no cloak)
rCorr  .         Reflect  .     (no gloves)
SustAt .         Harm     .     (no boots)
MR     .....                    (no amulet)
Stlth  ..........               (no ring)
                                (no ring)

@: not resistant to hostile enchantments, extremely unstealthy
A: negative energy resistance 1, electricity resistance, unbreathing,
petrification resistance, rot immunity, AC +3
a: no special abilities


You were on level 3 of the Dungeon.
You were not hungry.

You visited 1 branch of the dungeon, and saw 3 of its levels.

You collected 196 gold pieces.

Inventory:

Hand Weapons
 a - a +0 war axe (weapon)
Armour
 b - a +0 scale mail (worn)
 c - a +0 shield (worn)
Jewellery
 s - an uncursed ring of flight {unknown}
Scrolls
 h - a scroll of blinking {unknown}
 i - 2 scrolls of teleportation {unknown}
 k - a scroll of enchant armour {unknown}
 m - 4 scrolls of identify {unknown}
 o - a scroll of fear {unknown}
 p - 3 scrolls of enchant weapon {unknown}
 q - a scroll of noise {unknown}
 r - a scroll of amnesia {unknown}
 v - a scroll of fog {unknown}
Potions
 d - 2 potions of might
 e - a potion of flight {unknown}
 l - 2 potions of heal wounds {unknown}
 u - 2 potions of magic {unknown}
Comestibles
 f - 4 bread rations
 g - 2 meat rations
 j - 4 chunks of flesh
 n - 3 fruits
 t - a slice of pizza
 w - a beef jerky


   Skills:
 * Level 4.0 Fighting
 + Level 2.4 Axes
 + Level 4.0 Armour
 + Level 0.4 Dodging
 + Level 4.1 Shields


You had 3 spell levels left.
You didn't know any spells.

Dungeon Overview and Level Annotations

Branches:
Dungeon (3/15)

Altars:


Innate Abilities, Weirdness & Mutations

You are resistant to torment.
Your stone body is resilient (AC +3).
You are immune to poison.
You resist negative energy.
You are resistant to electric shocks.
You can survive without breathing.
You are immune to petrification.
You are immune to rotting.


Message History

The orc wizard is severely wounded.
The orc wizard hits you with a dagger.
* * * LOW HITPOINT WARNING * * *
The orc wizard gestures wildly while chanting.
The orc wizard blinks!
Your shield and scale mail prevent you from hitting the orc wizard.
The orc wizard is severely wounded.
Your shield prevents you from hitting the worm.
The worm is severely wounded.
The orc wizard hits you but does no damage.
You block the orc wizard's attack. The worm bites you.
* * * LOW HITPOINT WARNING * * *
The orc closely misses you.
You hit the orc wizard.
The orc wizard is almost dead.
You hit the worm but do no damage.
The worm is severely wounded.
The orc wizard barely misses you. You block the orc wizard's attack.
The orc hits you from afar with a trident.
You die...

. #..# #.# . #
#..# #.# # ##
.###.###..####.#
.#..
...............#
....
....##.########
.#.#..### #.#
.....oob## #.#
.....%.#o###.#
#.o...###w@o.#
...s.. #(#####
##o## #.# # #. #


You could see a worm, an orc wizard, 2 orcs and a bat.

Vanquished Creatures
  An adder (D:2)
  2 worms (D:2)
  A dart slug (D:3)
  4 giant geckos
  4 orcs (D:3)
  3 giant cockroaches
  12 goblins
  11 hobgoblins
  A ball python (D:2)
  6 bats
  3 giant newts
  8 kobolds
  7 rats
63 creatures vanquished.

Notes
Turn   | Place    | Note
--------------------------------------------------------------
     0 | D:1      | dohliylev the Gargoyle Fighter began the quest for the Orb.
     0 | D:1      | Reached XP level 1. HP: 14/14 MP: 1/1
    95 | D:1      | Reached XP level 2. HP: 19/19 MP: 2/2
   373 | D:1      | Reached XP level 3. HP: 18/24 MP: 3/3
  1187 | D:2      | Reached XP level 4. HP: 22/29 MP: 4/4
  2036 | D:3      | Slain by an orc

Vault maps used:
D:1:      saegor_arrival_under_anarchy, minivault_19
D:2:      kennysheep_the_goblin_king
D:3:      first_bread, fedhas_altar_fruit_tree

Skill      XL: |  1  2  3  4 |
---------------+-------------+-----
Axes           | 2 |  2.4
Fighting       | 4 |  4.0
Shields        | 4 |  4.1
Armour         | 4 |  4.0
Dodging        | |  0.4

Action                   |  1- 3 |  4- 6 || total
-------------------------+-------+-------++-------
Melee: War axe           |   125 |    89 ||   214
  Eat: Chunk             |     1 |     3 ||     4
